 Dungeon Crawl Stone Soup version 0.24-a0-123-ga2403f3 (console) character file.

Game seed: 16971893879809104766

2319 Voker57 the Slasher (level 9, -11/69 HPs)
             Began as a Demonspawn Gladiator on Feb 22, 2019.
             Was an Initiate of Uskayaw.
             Mangled by Harold
             ... wielding a +0 glaive
              (21 damage)
             ... on level 10 of the Dungeon.
             The game lasted 00:09:05 (6877 turns).

Voker57 the Slasher (Demonspawn Gladiator)          Turns: 6877, Time: 00:09:06

Health: -11/69     AC: 10    Str: 16    XL:     9   Next: 18%
Magic:  0/11       EV:  7    Int:  9    God:    Uskayaw [......]
Gold:   437        SH:  0    Dex: 17    Spells: 8/8 levels left

rFire    . . .     SeeInvis .   a - +1 long sword
rCold    + . .     Gourm    .   (no shield)
rNeg     . . .     Faith    .   s - +2 ring mail {rPois}
rPois    +         Spirit   +   c - +0 helmet
rElec    .         Reflect  +   (no cloak)
rCorr    .         Harm     .   (no gloves)
MR       .....                  (no boots)
Stlth    +.........             B - +4 amulet of reflection
HPRegen  0.21/turn              n - ring of protection from cold
MPRegen  0.12/turn              (no ring)

@: held
A: hooves 1, thin metallic scales 1, demonic guardian 2, magic shield
a: Renounce Religion


You were on level 10 of the Dungeon.
You worshipped Uskayaw.
Uskayaw was noncommittal.
You were hungry.

You visited 1 branch of the dungeon, and saw 8 of its levels.

You collected 437 gold pieces.

Inventory:

Hand Weapons
 a - a +1 long sword (weapon)
Missiles
 d - 5 throwing nets (quivered)
Armour
 b - a +0 leather armour
 c - a +0 helmet (worn)
 s - a +2 ring mail of poison resistance (worn)
Jewellery
 l - an uncursed amulet of magic regeneration
 n - a ring of protection from cold (left hand)
 y - an uncursed ring of resist corrosion
 B - a +4 amulet of reflection (around neck)
 D - an uncursed ring of protection from magic {unknown}
Wands
 u - a wand of clouds (2)
 A - a wand of random effects (17)
Scrolls
 i - 6 scrolls of remove curse {unknown}
 j - a scroll of identify
 k - 2 scrolls of teleportation
 o - 4 scrolls of enchant weapon
 p - a scroll of enchant armour
 r - 2 scrolls of fear {unknown}
 t - a scroll of blinking {unknown}
 v - 2 scrolls of magic mapping {unknown}
 w - 2 scrolls of immolation {unknown}
 C - a scroll of random uselessness {unknown}
Potions
 e - a potion of lignification
 g - 2 potions of curing
 h - a potion of degeneration {unknown}
 m - 3 potions of cancellation {unknown}
 q - 2 potions of flight {unknown}
 x - a potion of might {unknown}
 z - a potion of haste {unknown}
Comestibles
 f - 12 rations
 E - 2 chunks of flesh


   Skills:
 + Level 6.0 Fighting
 * Level 7.8 Long Blades
 - Level 1.7 Throwing
 + Level 3.4 Armour
 + Level 5.7 Dodging
 + Level 3.7 Invocations


You had 8 spell levels left.
You didn't know any spells.
Your spell library was empty.

Dungeon Overview and Level Annotations

Branches:
Dungeon (7/15)             Temple (0/1) D:7

Altars:
Ashenzari
Dithmenos
Elyvilon
Fedhas
Makhleb
Sif Muna
Trog
Uskayaw
Xom
Zin

Shops:
D:5 *

Annotations:
D:10 Harold, Urug


Innate Abilities, Weirdness & Mutations

You have large cloven feet.
You are partially covered in thin metallic scales. (AC +2)
A demonic guardian rushes to your aid.
When hurt, damage is shared between your health and your magic reserves.


Message History

The hippogriff is engulfed in freezing vapours.
You kill the hippogriff!
Your Fighting skill increases to level 6!
Your soul eater hits Harold.
What are your orders? t - Shout!
Orders for allies: a - Attack new target. r - Retreat! s - Stop attacking. g - Guard the area. f - Follow me.
Anything else - Cancel.
Gang up on whom?
Press: ? - help, Dir - move target cursor, f - Harold
Aim: Harold, wielding a +0 glaive and wearing a +0 chain mail (lightly wounded) Attack!
Harold hits you from afar with a +0 glaive!
* * * LOW HITPOINT WARNING * * *
Your soul eater hits Harold!
You struggle against the net.
Harold hits you from afar with a +0 glaive!!
You die...

#.......# ########
####.......#
.......#######...........
.............!...........
_........................
...).
.................§§§§....
.....
................§§§§§....
.....
...........)....§§§§.....
.....
...........†...(☼§.......
...
......=.....).(.@3@......
.
...o.......((.....Z......
.....$.(......$......
.....................
#############.......
....... ....... .!.....


You could see Harold, an adder zombie and a friendly soul eater.

Vanquished Creatures
  A hippogriff (D:10)
  4 ice beasts
  2 phantoms
  2 ogres
  A centaur (D:7)
  A bullfrog zombie (D:10)
  A hound (D:5)
  An orc priest (D:3)
  2 centaur skeletons (D:6)
  2 jellies
  A bullfrog skeleton (D:5)
  2 orc wizards (D:6)
  Ijyb (D:5)
  2 worker ants
  2 hound skeletons
  A worker ant zombie (D:6)
  5 adders
  6 gnolls (D:6)
  2 shadow imps
  2 oozes
  An adder skeleton (D:4)
  5 worms
  A dart slug (D:3)
  7 leopard geckos
  25 orcs
  7 bats
  7 giant cockroaches
  5 goblins
  7 hobgoblins
  2 jackals (D:2)
  2 kobolds
  A ball python (D:2)
  5 frilled lizards
  A leopard gecko skeleton (D:4)
  A leopard gecko zombie (D:5)
  A quokka skeleton (D:4)
  7 rats
126 creatures vanquished.

Vanquished Creatures (collateral kills)
  Joseph (D:7)
  A hippogriff (D:7)
  A black bear (D:6)
  An orc warrior (D:6)
  A phantom (D:6)
  A sky beast (D:10)
  An eye of draining (D:6)
  2 centaurs
  A water moccasin skeleton (D:7)
  A scorpion (D:7)
  A crimson imp (D:6)
  An orc priest (D:4)
  An orc wizard (D:4)
  A centaur zombie (D:6)
  2 gnolls (D:6)
  3 orcs
  A giant cockroach (D:3)
  A quokka (D:7)
  A ball python (D:3)
23 creatures vanquished.

Vanquished Creatures (others)
  A wizard (D:4)
  A kobold (D:3)
  A quokka (D:3)
3 creatures vanquished.

Grand Total: 152 creatures vanquished

Notes
Turn   | Place    | Note
-------+----------+-------------------------------------------
     0 | D:1      | Voker57 the Demonspawn Gladiator began the quest for the
                  | Orb.
     0 | D:1      | Reached XP level 1. HP: 16/16 MP: 1/1
   304 | D:1      | Reached skill level 3 in Long Blades
   304 | D:1      | Gained mutation: A weak demonic guardian rushes to your
                  | aid. [demonic ancestry]
   304 | D:1      | Reached XP level 2. HP: 22/22 MP: 2/2
   919 | D:2      | Reached XP level 3. HP: 28/28 MP: 3/3
  1991 | D:2      | Found a glowing silver altar of Zin.
  2352 | D:3      | Reached XP level 4. HP: 21/34 MP: 4/4
  2693 | D:3      | Reached skill level 4 in Long Blades
  2930 | D:3      | Gained mutation: You have large cloven feet. [demonic
                  | ancestry]
  2930 | D:3      | Reached XP level 5. HP: 34/41 MP: 5/5
  3099 | D:3      | Found a deep blue altar of Sif Muna.
  3148 | D:3      | Found a white marble altar of Elyvilon.
  3635 | D:4      | Found a blossoming altar of Fedhas.
  3689 | D:4      | Found a bloodstained altar of Trog.
  3719 | D:4      | Noticed an ogre
  3725 | D:4      | Killed an ogre
  3886 | D:4      | Gained mutation: You are partially covered in thin metallic
                  | scales. (AC +2) [demonic ancestry]
  3886 | D:4      | Reached XP level 6. HP: 47/47 MP: 6/6
  4006 | D:4      | Found a bloodstained altar of Trog.
  4013 | D:4      | Noticed a wizard
  4016 | D:4      | Killed a wizard
  4209 | D:5      | Entered Level 5 of the Dungeon
  4248 | D:5      | Found Coiheul's Assorted Antiques.
  4408 | D:5      | Reached skill level 5 in Long Blades
  4702 | D:5      | Found a shadowy altar of Dithmenos.
  4707 | D:5      | Noticed Ijyb
  4708 | D:5      | Noticed an ice beast
  4716 | D:5      | Killed Ijyb
  4725 | D:5      | Killed an ice beast
  4725 | D:5      | Gained mutation: A demonic guardian rushes to your aid.
                  | [demonic ancestry]
  4725 | D:5      | Reached XP level 7. HP: 23/54 MP: 7/7
  5010 | D:6      | Found a burning altar of Makhleb.
  5493 | D:6      | Reached skill level 1 in Armour
  5531 | D:6      | Reached skill level 6 in Long Blades
  5732 | D:6      | Gained mutation: When hurt, damage is shared between your
                  | health and your magic reserves. [demonic ancestry]
  5732 | D:6      | Reached XP level 8. HP: 51/61 MP: 8/8
  5795 | D:6      | Reached skill level 5 in Fighting
  5795 | D:6      | Reached skill level 5 in Dodging
  5922 | D:6      | Found a shimmering altar of Xom.
  5965 | D:6      | Noticed a +0 hand axe
  5966 | D:6      | Noticed a +0 hand axe
  5970 | D:6      | Found a hide-covered altar of Uskayaw.
  6128 | D:6      | Became a worshipper of Uskayaw the Reveler
  6191 | D:7      | Noticed Joseph
  6201 | D:7      | Reached * piety under Uskayaw
  6209 | D:7      | Killed Joseph
  6209 | D:7      | Reached skill level 1 in Invocations
  6231 | D:7      | Found a staircase to the Ecumenical Temple.
  6237 | D:7      | Reached ** piety under Uskayaw
  6239 | D:7      | Reached skill level 7 in Long Blades
  6438 | D:7      | Noticed a hippogriff
  6450 | D:7      | Killed a hippogriff
  6684 | D:7      | Found a white marble altar of Elyvilon.
  6725 | D:7      | You fall through a shaft for 3 floors!
  6725 | D:10     | Entered Level 10 of the Dungeon
  6725 | D:10     | Noticed Urug
  6734 | D:10     | Noticed Harold
  6740 | D:10     | Found a shattered altar of Ashenzari.
  6780 | D:10     | Reached XP level 9. HP: 25/69 MP: 8/11
  6789 | D:10     | Reached *** piety under Uskayaw
  6877 | D:10     | Mangled by Harold

Levels and vault maps discovered:
D:1:      dpeg_arrival_central, layout_basic, minmay_ruptured
D:2:      layout_loops_ring, zin_treasury, nrook_mini_vaults, minmay_octomino_e4
D:3:      layout_basic, marbit_many_paths, elyvilon_altar_4
D:4:      layout_basic, lemuel_round_altar, fedhas_altar_2, serial_glass,
          glass_columns_c, glass_columns_a, first_ration, trog_wizard
D:5:      layout_loops_ring, serial_shops, nicolae_shop_stone,
          nicolae_dithmenos_shadow_blocks, uniq_ijyb
D:6:      layout_cave_pods, dancing_weapons_uskayaw, lightli_temple_of_fire,
          nicolae_overflow_hidden_temple
D:7:      layout_cave_pools, lemuel_crystal_altar, minmay_temple_entry_trees,
          grunt_ashenzari_visionary [grunt_ashenzari_visionary_swamp,
          grunt_ashenzari_visionary_spider], uniq_joseph
D:10:     layout_cross, basic_altar, columned_hall_lemuel, grunt_livestock,
          uniq_harold, uniq_urug

Skill      XL: |  1  2  3  4  5  6  7  8  9 |
---------------+----------------------------+-----
Long Blades    | 3 4 5 6 7 |  7.8
Dodging        | 3 4 5 |  5.7
Fighting       | 3 4 5 6 |  6.0
Armour         | 1 3 |  3.4
Invocations    | 3 |  3.7
Throwing       | |  1.7

Action                   |  1- 3 |  4- 6 |  7- 9 || total
-------------------------+-------+-------+-------++-------
Melee: Long sword        |   109 |   149 |   159 ||   417
       Kick              |       |    44 |    69 ||   113
Throw: Throwing net      |     2 |     2 |       ||     4
Invok: Stomp             |       |       |     1 ||     1
Evoke: Wand              |       |       |     1 ||     1
  Use: Scroll            |     4 |       |     6 ||    10
       Potion            |       |     2 |       ||     2
 Stab: Sleeping          |     4 |     1 |       ||     5
       Held in net/web   |     1 |     1 |       ||     2
       Distracted        |       |     2 |       ||     2
  Eat: Chunk             |     3 |     9 |     7 ||    19
Armor: Leather armour    |    35 |    17 |       ||    52
       Skin              |       |    10 |       ||    10
       Ring mail         |       |    28 |    56 ||    84
Dodge: Dodged            |    94 |   103 |   143 ||   340
Block: Other             |       |       |    38 ||    38
       Reflection        |       |       |     2 ||     2
       Rpst.: Long sword |    29 |    33 |    36 ||    98

Table legend:
 A = Non-vault XP
 B = Vault XP
 C = Vault XP percentage of total XP
 D = Non-vault monster count
 E = Vault monster count
 F = Vault count percentage of total count
                 A         B        C        D         E       F
            +---------+---------+-------+---------+---------+-------
      Total |    2994 |     319 |   9.6 |     143 |       6 |   4.0
            +---------+---------+-------+---------+---------+-------
        D:1 |      34 |       3 |   8.1 |      19 |       2 |   9.5
        D:2 |      55 |       2 |   3.5 |      19 |       1 |   5.0
        D:3 |     145 |       3 |   2.0 |      24 |       1 |   4.0
        D:4 |     217 |       0 |   0.0 |      16 |       0 |   0.0
        D:5 |     250 |      27 |   9.7 |       9 |       1 |  10.0
        D:6 |     899 |       0 |   0.0 |      32 |       0 |   0.0
        D:7 |     656 |     284 |  30.2 |      12 |       1 |   7.7
       D:10 |     738 |       0 |   0.0 |      12 |       0 |   0.0
            +---------+---------+-------+---------+---------+-------
